 Dungeon Crawl Stone Soup version 0.30-a0-691-g754fce4c43 (webtiles) character file.

Game seed: 13970521589130586486

42 IdlyInterested the Ducker (level 3, -2/29 HPs)
             Began as a Demonspawn Gladiator on Jan 19, 2023.
             Killed from afar by a white imp (8 damage)
             ... with a puff of frost
             ... summoned by Natasha
             ... on level 3 of the Dungeon.
             The game lasted 00:03:54 (1193 turns).

IdlyInterested the Ducker (Demonspawn Gladiator)    Turns: 1193, Time: 00:03:54

Health: -2/29      AC:  7    Str: 16    XL:     3   Next: 33%
Magic:  3/3        EV: 11    Int:  9    God:
Gold:   83         SH:  0    Dex: 14    Spells: 2/2 levels left

rFire   . . .      SeeInvis .    a - +0 flail
rCold   . . .      Faith    .    (no shield)
rNeg    . . .      Spirit   .    j - +0 ring mail
rPois   .          Reflect  .    c - +0 helmet
rElec   .          Harm     .    (no cloak)
rCorr   .          Rampage  .    (no gloves)
Will    .....                    (no boots)
Stlth   +                        (no amulet)
HPRegen 0.24/turn                (no ring)
MPRegen 0.08/turn                (no ring)

@: slowed, very slow
A: powered by pain 1, sharp scales 1
a: no special abilities


You were on level 3 of the Dungeon.
You visited 1 branch of the dungeon, and saw 4 of its levels.

You collected 83 gold pieces.

Inventory:

Hand Weapons
 a - a +0 flail (weapon)
Missiles
 d - 3 throwing nets
 e - a javelin
 h - 20 stones (quivered)
 l - 2 poisoned darts
Armour
 b - a +0 helmet
 c - a +0 helmet (worn)
 j - a +0 ring mail (worn)
Scrolls
 k - a scroll of torment {unknown}
 m - a scroll of vulnerability {unknown}
 n - a scroll of enchant armour {unknown}
Potions
 f - a potion of mutation {unknown}
 g - a potion of degeneration {unknown}
 i - 3 potions of curing
 o - a potion of attraction {unknown}
 p - a potion of ambrosia {unknown}


   Skills:
 - Level 3.0 Fighting
 + Level 2.8 Maces & Flails
 - Level 1.7 Throwing
 * Level 1.2 Armour
 - Level 3.0 Dodging


You had 2 spell levels left.
You didn't know any spells.
Your spell library contained the following spells:

 Spells                   Type           Power      Damage    Failure   Level
 Summon Small Mammal      Summ           0%         N/A       61%         1
 Call Canine Familiar     Summ           0%         N/A       93%         3
 Summon Guardian Golem    Hex/Summ       0%         N/A       93%         3
 Olgreb's Toxic Radiance  Pois           0%         N/A       100%        4
 Ozocubu's Refrigeration  Ice            0%         4d7       100%        7
 Ignition                 Fire           0%         3d3       100%        8


Dungeon Overview and Level Annotations

Branches:
Dungeon (4/15)
 Temple: D:4-7

Altars:

Annotations:
D:3 Natasha


Innate Abilities, Weirdness & Mutations

You sometimes gain a little power by taking damage.
You are partially covered in razor-sharp scales. (AC +1, Slay +1)


Message History

The giant cockroach completely misses you.
You hit the giant cockroach.
You kill the giant cockroach!
You see here a giant cockroach corpse.
You start waiting.
Done waiting.
Found a stone staircase leading up.
Found 6 gold pieces.
You now have 83 gold pieces (gained 6).
There is a stone staircase leading up here.
You climb upwards.
Natasha hisses angrily.
Found a book of Cantrips and 14 gold pieces.
There is a stone staircase leading down here.
A hobgoblin comes into view.
You closely miss Natasha. Natasha casts a spell at you.
You feel yourself slow down.
You closely miss Natasha.
Natasha mumbles some strange words.
The hobgoblin closely misses you.
Natasha stares at you and mumbles some strange words.
The magic dart hits you! The hobgoblin barely misses you.
You closely miss Natasha. Natasha misses you.
The hobgoblin hits you but does no damage.
Natasha closely misses you. The hobgoblin barely misses you.
You hit Natasha.
Natasha is moderately wounded.
Natasha casts a spell at you. You resist with significant effort.
The hobgoblin hits you but does no damage.
The white imp gestures at you. The puff of frost hits you! Natasha claws you.
The hobgoblin misses you.
You hit Natasha but do no damage.
Natasha is moderately wounded.
Natasha closely misses you. The hobgoblin hits you.
* * * LOW HITPOINT WARNING * * *
The white imp gestures at you. The puff of frost hits you!
You die...

#####
#...#
.$..+
#...####
..:.....
##...#
#>g..####.
#.@5......
#..h......
#.##......
#.# ......
#+# .....
###.. .


You could see Natasha, a white imp (summoned) and a hobgoblin.

Vanquished Creatures
  A worm (D:2)
  A dart slug (D:2)
  An orc (D:4)
  2 ball pythons
  3 bats (D:1)
  An endoplasm (D:1)
  3 giant cockroaches
  4 goblins
  4 hobgoblins
  A quokka (D:1)
  5 frilled lizards
  5 kobolds
  2 rats (D:1)
33 creatures vanquished.

Notes
Turn   | Place    | Note
-------+----------+-------------------------------------------
     0 | D:1      | IdlyInterested the Demonspawn Gladiator began the quest for
                  | the Orb.
     0 | D:1      | Reached XP level 1. HP: 16/16 MP: 1/1
   169 | D:1      | Gained mutation: You are partially covered in razor-sharp
                  | scales. (AC +1, Slay +1) [demonic ancestry]
   169 | D:1      | Reached XP level 2. HP: 13/23 MP: 2/2
   761 | D:2      | Reached skill level 1 in Armour
   763 | D:2      | Gained mutation: You sometimes gain a little power by
                  | taking damage. [demonic ancestry]
   763 | D:2      | Reached XP level 3. HP: 18/28 MP: 3/3
   905 | D:2      | You fall into a shaft and drop 2 floors!
  1187 | D:3      | Noticed Natasha
  1193 | D:3      | Killed from afar by a white imp

Illustrated notes

Levels and vault maps discovered:
D:1:      minmay_arrival_jagged, layout_rooms, st_stairs_8
D:2:      layout_basic
D:3:      layout_basic, vehumet_crystals, regret_index_temple_of_mockery,
          uniq_jessica, uniq_natasha
D:4:      layout_layer_cave, minmay_bent

Skill      XL: |  1  2  3 |
---------------+----------+-----
Dodging        | 3 |  3.0
Armour         | 1 |  1.2
Fighting       | 3 |  3.0
Maces & Flails | |  2.8
Throwing       | |  1.7

Action                   || total
-------------------------++-------
Melee: Flail             ||    80
  Use: Potion            ||     1
Armor: Ring mail         ||    29
       Leather armour    ||     1
Dodge: Dodged            ||    50

Table legend: (Time is in decaauts)
 A = Elapsed time spent in this place.
 B = Non-inter-level travel time spent in this place.
 C = Inter-level travel time spent in this place.
 D = Time resting spent in this place.
 E = Time spent auto-exploring this place.
 F = Levels seen in this place.
 G = Mean time per level.
                   A        B        C        D        E       F      G
               +--------+--------+--------+--------+--------+-----+--------+
         Total |   1217 |   1063 |    154 |    223 |    468 |   4 |  304.2 |
       Dungeon |   1217 |   1063 |    154 |    223 |    468 |   4 |  304.2 |
               +--------+--------+--------+--------+--------+-----+--------+

Top non-repeatable levels by time:
     D:1: 738 daAuts
     D:4: 285 daAuts
     D:2: 185 daAuts
     D:3: 8 daAuts
